 Dungeon Crawl Stone Soup version 0.31-a0-303-gdc8c9485ea (webtiles) character file.

Game seed: 14151972551036401128

256 NateTC the Ruffian (level 5, -7/53 HPs)
             Began as a Troll Fighter on July 16, 2023.
             Mangled by a gnoll
             ... wielding a +0 halberd
              (11 damage)
             ... on level 4 of the Dungeon.
             The game lasted 00:13:50 (2548 turns).

NateTC the Ruffian (Troll Fighter)                  Turns: 2548, Time: 00:13:50

Health: -7/53      AC:  4    Str: 24    XL:     5   Next: 92%
Magic:  4/4        EV:  8    Int:  6    God:
Gold:   120        SH:  7    Dex:  9    Spells: 4/4 levels left

rFire   . .          .
                       - Unarmed
rCold   . . .        b - +0 kite shield
rNeg    . . .        a - +0 robe
rPois   .            (helmet restricted)
rElec   .            (no cloak)
rCorr   .            (gloves unavailable)
SInv    .            (boots unavailable)
Will    .....        (no amulet)
Stlth   +            (no ring)
HPRegen 1.08/turn    (no ring)
MPRegen 0.09/turn

%: no passive effects
@: no status effects
A: large, unfitting armour, claws 3, regeneration 1, shaggy fur 1, tough skin 1
a: no special abilities


You were on level 4 of the Dungeon.
You visited 1 branch of the dungeon, and saw 4 of its levels.

You collected 120 gold pieces.

Inventory:

Armour
 a - a +0 robe (worn)
 b - a +0 kite shield (worn)
Potions
 c - a potion of might
 d - a potion of lignification
 f - a potion of haste
 g - a potion of curing {unknown}
 h - a potion of magic {unknown}
 i - a potion of heal wounds {unknown}


   Skills:
 + Level 3.1 Fighting
 - Level 2.4 Dodging
 - Level 2.6 Shields
 * Level 5.8 Unarmed Combat


You had 4 spell levels left.
You didn't know any spells.
Your spell library contained the following spells:

 Spells                   Type           Power      Damage    Failure   Level
 Vhi's Electric Charge    Tloc/Air       0%         N/A       97%         3
 Arcjolt                  Conj/Air       0%         1d10      100%        5
 Plasma Beam              Fire/Air       0%         2x1d10    100%        6


Dungeon Overview and Level Annotations

Branches:
Dungeon (4/15) Zot: 21443
 Temple: D:4-7

Altars:
Gozag

Shops:
D:2 *

Annotations:
D:4 Menkaure


Innate Abilities, Weirdness & Mutations

You are too large for most types of armour.
You have claws for hands.
Your natural rate of healing is unusually fast.
You are covered in fur. (AC +1)
You have tough skin. (AC +1)


Message History

You claw the orc!
You kill the orc!
The gnoll hits the fungus with a +0 halberd!
You scratch the orc.
The orc is almost dead.
A nearby fungus withers and dies.
You block the orc's attack. The gnoll misses you.
A gnoll comes into view. It is wielding a +0 halberd.
You scratch the orc.
You kill the orc!
The gnoll barely misses you.
Menkaure calls on the powers of darkness!
The goblin convulses!
The gnoll convulses!
Your body is wracked with pain!
The gnoll convulses! x3; The orc convulses!
You scratch the orc.
The orc is severely wounded.
A nearby fungus withers and dies.
The gnoll closely misses you.
Menkaure wails, "Why can't you leave me to my rest?"
The orc completely misses you.
You see here a +0 club.
The orc attacks as you move away! You block the orc's attack.
You scratch the orc.
You kill the orc!
You scratch the goblin.
You kill the goblin!
The gnoll hits you with a +0 halberd!
The gnoll hits you from afar with a +0 halberd!
Things that are here:
a +0 dagger; a +0 flail; a goblin corpse You claw the gnoll!
You kill the gnoll!
The gnoll hits you from afar with a +0 halberd!
* * * LOW HITPOINT WARNING * * *
The gnoll barely misses you. You block the gnoll's attack.
Things that are here:
a +0 halberd; a +0 club; a gnoll corpse The gnoll attacks as you move away!
The gnoll hits you with a +0 halberd.
* * * LOW HITPOINT WARNING * * *
The gnoll hits you from afar with a +0 halberd!
You die...

### #<# #.# ##
#.# ... #.# ...P
#.# ..~~~
#.#########o.....
#......@)ggM.P~~~
############...P.
... #


You could see Menkaure, 2 gnolls and an orc.

Vanquished Creatures
  A black bear (D:3)
  A hound (D:4)
  An orc wizard (D:3)
  An adder (D:2)
  A gnoll (D:4)
  A worm (D:3)
  4 dart slugs (D:1)
  12 orcs
  7 ball pythons
  6 endoplasms
  5 giant cockroaches
  6 goblins
  8 hobgoblins
  3 jackals (D:4)
  3 quokkas
  4 bats
  4 frilled lizards
  3 kobolds
  2 rats
73 creatures vanquished.

Notes
Turn   | Place    | Note
-------+----------+-------------------------------------------
     0 | D:1      | NateTC the Troll Fighter began the quest for the Orb.
     0 | D:1      | Reached XP level 1. HP: 22/22 MP: 0/0
   152 | D:1      | Reached XP level 2. HP: 24/29 MP: 1/1
   240 | D:1      | Reached skill level 3 in Unarmed Combat
   358 | D:1      | Reached XP level 3. HP: 36/36 MP: 2/2
  1142 | D:2      | Reached skill level 4 in Unarmed Combat
  1360 | D:2      | Found Miologig's General Store.
  1658 | D:3      | Reached XP level 4. HP: 34/44 MP: 3/3
  1884 | D:3      | Found an opulent altar of Gozag.
  2131 | D:3      | Reached skill level 5 in Unarmed Combat
  2289 | D:3      | Noticed a black bear
  2297 | D:3      | Killed a black bear
  2298 | D:3      | Reached XP level 5. HP: 50/52 MP: 4/4
  2533 | D:4      | Noticed Menkaure
  2548 | D:4      | Mangled by a gnoll

Illustrated notes

Levels and vault maps discovered:
D:1:      psy_arrival_radial01, layout_basic, minmay_misc_feat_encased
D:2:      layout_loops_ring, serial_shops, nicolae_shop_just_a_little_nook
D:3:      layout_basic, nicolae_gozag_seed_capital, minmay_crystal_water
D:4:      layout_basic, minmay_temple_entry_ruins, dreamdust_gnoll_farm,
          uniq_menkaure

Skill      XL: |  1  2  3  4  5 |
---------------+----------------+-----
Unarmed Combat | 3 4 5 |  5.8
Fighting       | 3 |  3.1
Dodging        | |  2.4
Shields        | |  2.6

Action                     |  1- 3 |  4- 6 || total
---------------------------+-------+-------++-------
  Melee: Unarmed           |    99 |    57 ||   156
    Use: Scroll            |     5 |     1 ||     6
 Armour: Robe              |    26 |     9 ||    35
  Dodge: Dodged            |    15 |    15 ||    30
  Block: Kite shield       |    25 |    17 ||    42

Table legend: (Time is in decaauts)
 A = Elapsed time spent in this place.
 B = Non-inter-level travel time spent in this place.
 C = Inter-level travel time spent in this place.
 D = Time resting spent in this place.
 E = Time spent auto-exploring this place.
 F = Levels seen in this place.
 G = Mean time per level.
                   A        B        C        D        E       F      G
               +--------+--------+--------+--------+--------+-----+--------+
         Total |   2555 |   2470 |     85 |    145 |    629 |   4 |  638.8 |
       Dungeon |   2555 |   2470 |     85 |    145 |    629 |   4 |  638.8 |
               +--------+--------+--------+--------+--------+-----+--------+

Top non-repeatable levels by time:
     D:1: 994 daAuts
     D:3: 905 daAuts
     D:2: 618 daAuts
     D:4: 36 daAuts
